 Dungeon Crawl Stone Soup version 0.31-a0-841-g038b102fc3 (webtiles) character file.

Game seed: 4030465709651179350

26 Bravepunisher the Ducker (level 2, 16/16 HPs)
             Began as a Spriggan Monk on Sept 27, 2023.
             Quit the game in the Ecumenical Temple.
             The game lasted 00:03:22 (999 turns).

Bravepunisher the Ducker (Spriggan Monk)             Turns: 999, Time: 00:03:22

Health: 16/16      AC:  2    Str:  7    XL:     2   Next: 89%
Magic:  3/3        EV: 19    Int: 11    God:
Gold:   58         SH:  0    Dex: 17    Spells: 1/1 levels left

rFire   . . .        a - +0 short sword
rCold   . . .        (no shield)
rNeg    . . .        b - +0 robe
rPois   .            (helmet restricted)
rElec   .            (no cloak)
rCorr   .            (gloves unavailable)
SInv    +            (boots unavailable)
Will    .....        (no amulet)
Stlth   ++           (no ring)
HPRegen 0.22/turn    (no ring)
MPRegen 0.08/turn

%: no passive effects
@: very quick
A: very small, no large weapons, unfitting armour, see invisible, speed 3
a: no special abilities


You were in the Ecumenical Temple.
You visited 2 branches of the dungeon, and saw 8 of its levels.

You collected 58 gold pieces.

Inventory:

Hand Weapons
 a - a +0 short sword (weapon)
Armour
 b - a +0 robe (worn)
Wands
 e - a wand of digging (4)
Scrolls
 f - 3 scrolls of identify {unknown}
Potions
 c - 2 potions of ambrosia
 g - a potion of berserk rage {unknown}


   Skills:
 * Level 3.1 Fighting
 - Level 3.2 Short Blades
 + Level 4.5 Dodging


You had one spell level left.
You didn't know any spells.
Your spell library was empty.

Dungeon Overview and Level Annotations

Branches:
Dungeon (7/15)             Temple (1/1) D:7

Altars:
Ashenzari
Cheibriados
Elyvilon
Fedhas
Gozag
Hepliaklqana
Nemelex Xobeh
Okawaru
Ru
Sif Muna
Trog
Vehumet
Wu Jian
Yredelemnul
Zin

Portals:
Ossuary: D:4


Innate Abilities, Weirdness & Mutations

You are very small and have problems with some larger weapons.
You are too small for most types of armour.
You have supernaturally acute eyesight. (SInv)
You cover ground extremely quickly. (Speed+++)


Message History

Found a staircase to the Ecumenical Temple.
There is an open door here.
The ufetubus attacks as it pursues you! The ufetubus misses you.
The ufetubus completely misses you. The ufetubus attacks as it pursues you!
The ufetubus completely misses you. The ufetubus misses you.
You enter the shallow water.
Moving in this stuff is going to be slow.
There is a staircase to the Ecumenical Temple here.
The ufetubus splashes around in the water.
The ufetubus completely misses you.
You climb downwards.
Welcome to the Ecumenical Temple!
Found a staircase back to the Dungeon.
There is a staircase back to the Dungeon here.
The ufetubus attacks as it pursues you! The ufetubus closely misses you.
The ufetubus misses you.
You barely miss the ufetubus. The ufetubus completely misses you.
The ufetubus barely misses you.
You barely miss the ufetubus. The ufetubus closely misses you.
The ufetubus completely misses you.
You hit the ufetubus.
The ufetubus is almost dead.
The ufetubus barely misses you. The ufetubus completely misses you.
The ufetubus closely misses you. The ufetubus misses you.
You miss the ufetubus.
The ufetubus is almost dead.
The ufetubus misses you. The ufetubus hits you.
You hit the ufetubus but do no damage.
The ufetubus is almost dead.
The ufetubus closely misses you. x2
You hit the ufetubus.
You kill the ufetubus!
Found a snail-covered altar of Cheibriados.
Found three altars.
Found three altars.
Found a broken altar of Ashenzari.
Found a glowing silver altar of Zin and an ornate altar of the Wu Jian Council.
Found a radiant altar of Vehumet.
There is an opulent altar of Gozag here.
Are you sure you want to abandon this character and quit the game? (Confirm with "yes".)

≈≈≈≈≈≈≈≈≈≈≈≈≈≈≈≈≈≈≈≈≈≈≈≈≈≈≈≈≈≈≈≈≈
≈≈≈≈≈≈≈≈≈≈≈≈≈≈≈≈≈≈≈≈≈≈≈≈≈≈≈≈≈≈≈≈≈
≈≈≈≈≈≈≈≈≈≈≈≈≈≈≈≈≈≈≈≈≈≈≈≈≈≈≈≈≈≈≈≈≈
≈≈≈≈≈≈≈≈≈≈≈≈≈≈≈≈≈≈≈≈≈≈≈≈≈≈≈≈≈≈≈≈≈
≈≈≈≈≈≈≈≈≈≈≈≈≈≈≈≈≈≈≈≈≈≈≈≈≈≈≈≈≈≈≈≈≈
≈≈≈≈≈≈≈≈.................≈≈≈≈≈≈≈≈
≈≈≈≈≈≈≈..._....._....._...≈≈≈≈≈≈≈
≈≈≈≈≈≈≈._..._._..._._..._.≈≈≈≈≈≈≈
≈≈≈≈≈≈≈..._.....@....._...≈≈≈≈≈≈≈
≈≈≈≈≈≈≈≈.................≈≈≈≈≈≈≈≈
≈≈≈≈≈≈≈≈≈≈≈≈≈≈.....≈≈≈≈≈≈≈≈≈≈≈≈≈≈
≈≈≈≈≈≈≈≈≈≈≈≈≈≈≈...≈≈≈≈≈≈≈≈≈≈≈≈≈≈≈
≈≈≈≈≈≈≈≈≈≈≈≈≈≈≈...≈≈≈≈≈≈≈≈≈≈≈≈≈≈≈
≈≈≈≈≈≈≈≈≈...≈≈≈...≈≈≈...≈≈≈≈≈≈≈≈≈
≈≈≈≈≈≈≈≈.≈≈≈.≈≈...≈≈.≈≈≈.≈≈≈≈≈≈≈≈
≈≈≈≈≈≈≈.≈≈#≈≈...≈...≈≈#≈≈.≈≈≈≈≈≈≈
≈≈≈≈≈≈≈.≈###≈≈≈≈≈≈≈≈≈###≈.≈≈≈≈≈≈≈


There were no monsters in sight!

Vanquished Creatures
  An adder (D:4)
  An ufetubus (Temple)
  An orc (D:3)
  A bat (D:4)
  2 endoplasms (D:4)
  2 goblins (D:4)
  2 frilled lizards (D:2)
  A kobold (D:4)
  A rat (D:3)
12 creatures vanquished.

Notes
Turn   | Place    | Note
-------+----------+-------------------------------------------
     0 | D:1      | Bravepunisher the Spriggan Monk began the quest for the
                  | Orb.
     0 | D:1      | Reached XP level 1. HP: 11/11 MP: 2/2
    50 | D:1      | Found a faded altar of an unknown god.
   223 | D:4      | Reached XP level 2. HP: 16/16 MP: 3/3
   259 | D:4      | Found a white marble altar of Elyvilon.
   341 | D:5      | Entered Level 5 of the Dungeon
   402 | D:6      | Found a hazy altar of Hepliaklqana.
   577 | D:4      | Found a basalt altar of Yredelemnul.
   713 | D:4      | Found a sand-covered staircase.
   928 | D:7      | Noticed a kobold brigand
   950 | D:7      | Found a staircase to the Ecumenical Temple.
   959 | Temple   | Entered the Ecumenical Temple
   999 | Temple   | Quit the game

Illustrated notes

Levels and vault maps discovered:
D:1:      elethiomel_arrival_fortress_basement, layout_basic,
          hellmonk_ecumenical_altar_dog_temple, hex_tiny, kennysheep_doodads,
          supply_closet_lemuel, minmay_close_crescents
D:2:      layout_rooms
D:3:      minmay_angry_zag, layout_basic, lemuel_zombie_altar_kikubaaqudgha,
          nicolae_uskayaw_dance_hall
D:4:      layout_basic, mainiacjoe_overflow_concentric_impassable,
          nicolae_qazlal_eye_of_the_storm, mainiacjoe_overflow_tiny_flanked,
          enter_ossuary_5
D:5:      layout_cave_pools, serial_shops, nicolae_shop_tiny_real_fake_doors
D:6:      minmay_cornered_nines, layout_cave_pools,
          mainiacjoe_overflow_cross_hatched, gammafunk_ghost_gnarly_gnolls
D:7:      layout_gridville, kennysheep_mini_moat, minmay_temple_entry_mist,
          uniq_jeremiah
Temple:   minmay_temple_bridge_abc

Skill      XL: |  1  2 |
---------------+-------+-----
Fighting       | 3 |  3.1
Short Blades   | |  3.2
Dodging        | |  4.5

Action                     || total
---------------------------++-------
  Melee: Short sword       ||    49
    Use: Potion            ||     1
   Stab: Sleeping          ||     1
 Armour: Robe              ||    28
  Dodge: Dodged            ||   124

Table legend: (Time is in decaauts)
 A = Elapsed time spent in this place.
 B = Non-inter-level travel time spent in this place.
 C = Inter-level travel time spent in this place.
 D = Time resting spent in this place.
 E = Time spent auto-exploring this place.
 F = Levels seen in this place.
 G = Mean time per level.
                   A        B        C        D        E       F      G
               +--------+--------+--------+--------+--------+-----+--------+
         Total |    662 |    611 |     51 |      0 |    318 |   8 |   82.8 |
       Dungeon |    636 |    601 |     35 |      0 |    318 |   7 |   90.9 |
        Temple |     25 |     10 |     15 |      0 |      0 |   1 |   25.0 |
               +--------+--------+--------+--------+--------+-----+--------+

Top non-repeatable levels by time:
     D:4: 384 daAuts
     D:3: 60 daAuts
     D:6: 54 daAuts
     D:1: 53 daAuts
     D:7: 42 daAuts
  Temple: 25 daAuts
     D:2: 22 daAuts
     D:5: 18 daAuts
